 Dungeon Crawl Stone Soup version 0.29.0-4-gdea44cf6ec (webtiles) character file.

Game seed: 7440340339783980949

57 qw the Chopper (level 4, -3/26 HPs)
             Began as a Tengu Warper on Aug 29, 2022.
             Slain by a gnoll
             ... wielding a +0 spear
              (5 damage)
             ... on level 2 of the Dungeon.
             The game lasted 00:00:29 (1349 turns).

qw the Chopper (Tengu Warper)                       Turns: 1349, Time: 00:00:30

Health: -3/26      AC:  6    Str: 14    XL:     4   Next: 0%
Magic:  8/8        EV: 12    Int: 13    God:
Gold:   61         SH:  0    Dex: 13    Spells: 7/7 levels left

rFire   . . .      SeeInvis .   Y - +0 hand axe
rCold   . . .      Faith    .   (no shield)
rNeg    . . .      Spirit   .   b - +0 leather armour
rPois   .          Reflect  .   (helmet restricted)
rElec   .          Harm     .   d - +2 cloak
rCorr   .          Rampage  .   (no gloves)
Will    .....                   (boots unavailable)
Stlth   +.........              (no amulet)
HPRegen 0.08/turn               (no ring)
MPRegen 0.11/turn               (no ring)

@: no status effects
A: beak, talons 3
a: no special abilities


You were on level 2 of the Dungeon.
You visited 1 branch of the dungeon, and saw 2 of its levels.

You collected 61 gold pieces.


Innate Abilities, Weirdness & Mutations

You have a beak for a mouth.
You have claws for feet.


   Skills:
 - Level 2.0 Fighting
 + Level 4.5 Axes
 - Level 1.0 Throwing
 - Level 1.1 Armour
 - Level 2.1 Dodging
 - Level 2.0 Spellcasting
 - Level 2.4 Translocations


You had 7 spell levels left.
You didn't know any spells.
Your spell library contained the following spells:

 Spells                   Type           Power      Damage    Failure   Level
 Blink                    Tloc           14%        N/A       19%         2
 Gell's Gravitas          Tloc           7%         N/A       34%         3
 Lesser Beckoning         Tloc           7%         N/A       34%         3
 Teleport Other           Tloc           7%         N/A       34%         3
 Manifold Assault         Tloc           7%         N/A       97%         5

Inventory:

Hand Weapons
 i - a +0 club
 Y - a +0 hand axe (weapon)
Armour
 b - a +0 leather armour (worn)
 c - a +0 ring mail
 d - a +2 cloak (worn)
Scrolls
 a - 2 scrolls of identify
Potions
 e - a potion of lignification {unknown}
 f - a potion of cancellation {unknown}
 h - a potion of degeneration {unknown}
 j - a potion of haste {unknown}
 k - a potion of resistance {unknown}
 l - a potion of ambrosia {unknown}

Dungeon Overview and Level Annotations

Branches:
Dungeon (2/15)

Altars:


Message History

You hear a shout!
You hit the gnoll.
The gnoll is lightly wounded.
You hit the adder but do no damage.
A gnoll comes into view. It is wielding a +0 club.
The gnoll hits you with a +0 spear. The adder bites you.
You closely miss the gnoll.
The gnoll is lightly wounded.
You hit the adder. The adder barely misses you.
The gnoll hits you with a +0 spear. The adder misses you.
The gnoll hits you with a +0 spear.
You hit the gnoll. You punch the gnoll, but do no damage.
The gnoll is heavily wounded.
You barely miss the adder. The adder bites you but does no damage.
The gnoll closely misses you.
You completely miss the gnoll. You claw the gnoll.
The gnoll is severely wounded.
You hit the adder but do no damage. The adder barely misses you.
The gnoll barely misses you.
You hit the gnoll.
You kill the gnoll!
You hit the adder.
The adder bites you but does no damage. x2
You closely miss the adder. Your kick misses the adder. You peck the adder.
The adder is severely wounded.
The adder bites you but does no damage.
You miss the adder.
The adder is heavily wounded.
The adder closely misses you. The gnoll misses you.
The adder bites you but does no damage.
You hit the adder.
You kill the adder!
The gnoll closely misses you.
You have reached level 4!
You feel stronger.
You closely miss the gnoll. Your kick misses the gnoll.
The gnoll hits you with a +0 club. The gnoll barely misses you.
You hit the gnoll.
The gnoll is moderately wounded.
The gnoll hits you from afar with a +0 spear.
You die...

#...# #...#
#####...######
.............## .
..............# .. #
..............# ..# #
#####...#####.# g..# #
#...# #.# ..... ## #...#
#@#...... .# #...#
#)gg....# ## #...#
####.#### #
####.#######..... #
#.......%....# #..
######.##..#.###..# .
...#.......#..##..# ~~
##.#.#.##....#....####~~~
...%....##..###........~


You could see 2 gnolls.

Vanquished Creatures
  A gnoll (D:2)
  2 adders (D:2)
  A dart slug (D:2)
  3 ball pythons
  3 bats
  2 endoplasms
  A giant cockroach (D:2)
  2 goblins (D:1)
  A hobgoblin (D:1)
  4 jackals (D:2)
  8 frilled lizards
  A rat (D:2)
29 creatures vanquished.

Vanquished Creatures (others)
  A fungus (D:2)
1 creature vanquished.

Grand Total: 30 creatures vanquished

Notes
Turn   | Place    | Note
-------+----------+-------------------------------------------
     0 | D:1      | qw the Tengu Warper began the quest for the Orb.
     0 | D:1      | Reached XP level 1. HP: 12/12 MP: 4/4
     0 | D:1      | 0 ||| qw: Version: 0.1-a-89-g26bdef1
     0 | D:1      | 0 ||| qw: Game counter: 3579
     0 | D:1      | 0 ||| qw: Always use a shield: true
     0 | D:1      | 0 ||| qw: God list: Okawaru
     0 | D:1      | 0 ||| qw: Allow faded altars: false
     0 | D:1      | 0 ||| qw: Do Orc after D:15 true
     0 | D:1      | 0 ||| qw: Do second Lair branch before Depths: true
     0 | D:1      | 0 ||| qw: Lair rune preference: random
     0 | D:1      | 0 ||| qw: Plans: Normal
     0 | D:1      | 0 ||| PLANNING D:1-11
    79 | D:1      | 79 ||| Stepping ~*~*~tactically~*~*~ (stealth).
    92 | D:1      | HP: 3/12 [endoplasm (1)]
   324 | D:1      | 324 ||| Stepping ~*~*~tactically~*~*~ (stealth).
   325 | D:1      | 325 ||| Stepping ~*~*~tactically~*~*~ (stealth).
   333 | D:1      | Reached skill level 3 in Axes
   333 | D:1      | Reached XP level 2. HP: 14/17 MP: 6/6
   865 | D:1      | 865 ||| UPGRADING to +2 cloak.
   870 | D:1      | 870 ||| DROPPING scarf of repulsion.
   871 | D:1      | 871 ||| READING 2 scrolls labelled VURGHI MACLICRI.
   872 | D:1      | 872 ||| DROPPING scroll of blinking.
   951 | D:2      | 951 ||| Stepping ~*~*~tactically~*~*~ (stealth).
   958 | D:2      | 958 ||| Stepping ~*~*~tactically~*~*~ (stealth).
   960 | D:2      | 960 ||| Stepping ~*~*~tactically~*~*~ (stealth).
   962 | D:2      | 962 ||| Stepping ~*~*~tactically~*~*~ (stealth).
   964 | D:2      | 964 ||| Stepping ~*~*~tactically~*~*~ (stealth).
  1024 | D:2      | 1024 ||| Stepping ~*~*~tactically~*~*~ (hiding).
  1128 | D:2      | Reached XP level 3. HP: 21/21 MP: 7/7
  1153 | D:2      | 1153 ||| Stepping ~*~*~tactically~*~*~ (stealth).
  1154 | D:2      | 1154 ||| Stepping ~*~*~tactically~*~*~ (stealth).
  1213 | D:2      | Reached skill level 4 in Axes
  1269 | D:2      | Found a faded altar of an unknown god.
  1334 | D:2      | 1334 ||| Stepping ~*~*~tactically~*~*~ (hiding).
  1341 | D:2      | HP: 2/21 [gnoll/+0 spear (4)]
  1348 | D:2      | Reached XP level 4. HP: 3/26 MP: 8/8
  1348 | D:2      | HP: 2/26 [gnoll/+0 club (1)]
  1349 | D:2      | Slain by a gnoll

Levels and vault maps discovered:
D:1:      amcnicky_arrival_gap_in_the_tavern_cellar, layout_rooms
D:2:      layout_loops_cross, shapermc_ecumenical_altar_hornbeckon,
          serial_rivers, chequers_serial_rivers_small_a,
          chequers_serial_rivers_room_b, chequers_serial_rivers_micro_a,
          chequers_serial_rivers_micro_b, serial_shops, shop

Skill      XL: |  1  2  3 |
---------------+----------+-----
Axes           | 3 4 |  4.5
Fighting       | |  2.0
Throwing       | |  1.0
Armour         | |  1.1
Dodging        | |  2.1
Spellcasting   | |  2.0
Translocations | |  2.4

Action                   |  1- 3 |  4- 6 || total
-------------------------+-------+-------++-------
Melee: Hand axe          |    66 |     2 ||    68
       Kick              |    10 |       ||    10
       Peck              |     8 |       ||     8
       Punch             |     2 |       ||     2
Throw: Boomerang         |     7 |       ||     7
  Use: Scroll            |     1 |       ||     1
Armor: Leather armour    |    22 |       ||    22
Dodge: Dodged            |    30 |     1 ||    31

Table legend:
 A = Non-vault XP
 B = Vault XP
 C = Vault XP percentage of total XP
 D = Non-vault monster count
 E = Vault monster count
 F = Vault count percentage of total count
                 A         B        C        D         E       F
            +---------+---------+-------+---------+---------+-------
      Total |      82 |       0 |   0.0 |      29 |       0 |   0.0
            +---------+---------+-------+---------+---------+-------
        D:1 |      19 |       0 |   0.0 |      13 |       0 |   0.0
        D:2 |      63 |       0 |   0.0 |      16 |       0 |   0.0
            +---------+---------+-------+---------+---------+-------
